 Dungeon Crawl Stone Soup version 0.29-a0-270-g1586fc07ea (webtiles) character file.

Game seed: 2055215271488680910

704 kae the Chopper (level 7, -4/61 (62) HPs)
             Began as a Minotaur Fighter on Mar 7, 2022.
             Slain by Duvessa
             ... wielding a +0 rapier
              (6 damage)
             ... on level 4 of the Dungeon.
             The game lasted 00:03:57 (4675 turns).

kae the Chopper (Minotaur Fighter)                  Turns: 4675, Time: 00:03:57

HP:   -4/61 (62)    AC: 13    Str: 20    XL:     7   Next: 39%
MP:   6/6           EV:  7    Int:  7    God:
Gold: 188           SH:  5    Dex: 10    Spells: 6/6 levels left

rFire   . . .      SeeInvis .   a - +0 war axe
rCold   . . .      Faith    .   c - +0 buckler
rNeg    . . .      Spirit   .   o - +3 chain mail {rPois}
rPois   +          Reflect  .   (helmet restricted)
rElec   .          Harm     .   (no cloak)
rCorr   .          Rampage  .   (no gloves)
Will    .....                   (no boots)
Stlth   ..........              (no amulet)
HPRegen 0.20/turn               (no ring)
MPRegen 0.10/turn               (no ring)

@: lightly drained
A: horns 2, retaliatory headbutt
a: no special abilities


You were on level 4 of the Dungeon.
You visited 1 branch of the dungeon, and saw 4 of its levels.

You collected 188 gold pieces.

Inventory:

Hand Weapons
 a - a +0 war axe (weapon)
Armour
 b - a +1 scale mail
 c - a +0 buckler (worn)
 o - a +3 chain mail of poison resistance (worn)
Wands
 l - a wand of polymorph (2)
 n - a wand of digging (2)
Scrolls
 g - a scroll of identify
 k - 2 scrolls of teleportation
Potions
 d - 3 potions of might
 f - a potion of berserk rage
 h - a potion of brilliance
 i - a potion of curing
 m - a potion of lignification


   Skills:
 + Level 5.6 Fighting
 * Level 6.6 Axes
 + Level 5.6 Armour
 + Level 5.5 Shields


You had 6 spell levels left.
You didn't know any spells.
Your spell library contained the following spells:

 Spells                   Type           Power      Damage    Failure   Level
 Freeze                   Ice            0%         1d3       99%         1
 Frozen Ramparts          Ice            0%         1d2       100%        3
 Animate Armour           Summ/Erth      0%         N/A       100%        4
 Hailstorm                Conj/Ice       0%         3d3       100%        4
 Blade Hands              Tmut           0%         N/A       100%        5
 Iron Shot                Conj/Erth      0%         9d1       100%        6


Dungeon Overview and Level Annotations

Branches:
Dungeon (4/15)
 Temple: D:4-7

Altars:

Annotations:
D:4 Duvessa


Innate Abilities, Weirdness & Mutations

You have a pair of horns on your head.
You reflexively headbutt those who attack you in melee.


Message History

Duvessa hits you with a +0 rapier.
There is a stone staircase leading up, spattered with blood here.
Duvessa hits you but does no damage.
Items here: ! $ ))) ? [[.
Blink to where?
Press: ? - help, Dir - move target, f - you
Okay, then.
Unknown command.
Blink to where?
Press: ? - help, Dir - move target
As you read the scroll of blinking, it crumbles to dust.
Duvessa rages.
Duvessa rages.
You hear a shout!
Duvessa rages.
You see here a +0 dagger.
Duvessa attacks as you move away! Duvessa hits you with a +0 rapier!
Duvessa rages.
Duvessa barely misses you. Duvessa barely misses you.
Duvessa attacks as you move away! Duvessa barely misses you.
You see here a +0 club.
Duvessa hits you with a +0 rapier.
You see here a +0 club.
You block Duvessa's attack. Duvessa attacks as you move away!
Duvessa hits you with a +0 rapier!
* * * LOW HITPOINT WARNING * * *
Duvessa attacks as you move away! Duvessa hits you with a +0 rapier.
* * * LOW HITPOINT WARNING * * *
Duvessa closely misses you. Duvessa hits you but does no damage.
You feel much better. You block Duvessa's attack.
Duvessa hits you with a +0 rapier!
* * * LOW HITPOINT WARNING * * *
Duvessa attacks as you move away! Duvessa hits you with a +0 rapier!
* * * LOW HITPOINT WARNING * * *
Duvessa hits you with a +0 rapier.
* * * LOW HITPOINT WARNING * * *
Duvessa attacks as you move away! Duvessa hits you with a +0 rapier.
You die...

.......#..####.....##....##...#
.......##.## #.#...###........#
...........###.###..##..........
.......#...##..###..............
.......##..#...##..#...#........
.......###)........##..#.......
......##...........#..##.......
#..#.......####....##......###.
#..#....######.e@..#...#...#
##..#...# ##.....#....## ...#
###...#####......#......>...#
##.[>)##........###..#.......
....).)........<##...#.>.....
...)##.#........#...##......
.#.[####..#..........###...#
.#.[†.......#.......## .#.#
[........####....)..#


You could see Duvessa (berserk).

Vanquished Creatures
  Sigmund (D:3)
  3 wights
  Dowan (D:4)
  Ijyb (D:3)
  Natasha (D:4)
  4 orc wizards
  3 gnolls (D:4)
  7 adders
  A worm (D:3)
  5 dart slugs
  10 orcs
  6 endoplasms
  3 giant cockroaches
  6 goblins
  8 hobgoblins
  9 kobolds
  3 quokkas (D:1)
  9 ball pythons
  4 bats
  3 frilled lizards
  6 rats
94 creatures vanquished.

Notes
Turn   | Place    | Note
-------+----------+-------------------------------------------
     0 | D:1      | kae the Minotaur Fighter began the quest for the Orb.
     0 | D:1      | Reached XP level 1. HP: 19/19 MP: 0/0
   121 | D:1      | Reached XP level 2. HP: 22/27 MP: 1/1
   230 | D:1      | Reached skill level 3 in Axes
   574 | D:1      | Reached XP level 3. HP: 33/33 MP: 2/2
  1220 | D:2      | Reached XP level 4. HP: 40/40 MP: 3/3
  1445 | D:3      | Reached skill level 4 in Axes
  1686 | D:3      | Found a faded altar of an unknown god.
  1767 | D:3      | Reached XP level 5. HP: 37/47 MP: 4/4
  1933 | D:3      | Noticed Ijyb
  2370 | D:3      | Noticed Sigmund
  2396 | D:3      | Killed Sigmund
  2397 | D:3      | Reached skill level 5 in Fighting
  2397 | D:3      | Reached skill level 5 in Axes
  2397 | D:3      | Reached skill level 5 in Armour
  2397 | D:3      | Reached XP level 6. HP: 43/56 MP: 5/5
  2833 | D:3      | Killed Ijyb
  2834 | D:3      | Reached skill level 5 in Shields
  2973 | D:3      | Found a faded altar of an unknown god.
  3130 | D:4      | Noticed Natasha
  3138 | D:4      | Killed Natasha
  3151 | D:4      | Reached skill level 6 in Axes
  3392 | D:4      | Noticed Duvessa
  3401 | D:4      | Noticed Dowan
  3983 | D:4      | Killed Dowan
  3984 | D:4      | Reached XP level 7. HP: 51/61 MP: 6/6
  4673 | D:4      | HP: 2/61 [Duvessa/+0 rapier (5)]
  4675 | D:4      | Slain by Duvessa

Illustrated notes

Levels and vault maps discovered:
D:1:      eino_arrival_cavern_b, layout_basic
D:2:      layout_rooms
D:3:      layout_basic, shapermc_ecumenical_altar_gd, minmay_vboxes,
          uniq_sigmund, uniq_ijyb
D:4:      layout_cave_pools, kennysheep_another_room,
          corexii_item_surrounded_by_moat, uniq_natasha,
          uniq_crazy_yiuf_cottage, uniq_duvessa

Skill      XL: |  1  2  3  4  5  6 |
---------------+-------------------+-----
Axes           | 3 4 5 6 |  6.6
Armour         | 4 5 |  5.6
Fighting       | 4 5 |  5.6
Shields        | 4 5 |  5.5

Action                   |  1- 3 |  4- 6 |  7- 9 || total
-------------------------+-------+-------+-------++-------
Melee: War axe           |    96 |   158 |    16 ||   270
       Headbutt          |    15 |    17 |     8 ||    40
  Use: Scroll            |     4 |     8 |     1 ||    13
       Potion            |       |     3 |     1 ||     4
Armor: Scale mail        |    52 |    56 |       ||   108
       Chain mail        |       |    36 |     7 ||    43
Dodge: Dodged            |    54 |    54 |     8 ||   116
Block: Buckler           |    21 |    42 |     7 ||    70

Table legend: (Time is in decaauts)
 A = Elapsed time spent in this place.
 B = Non-inter-level travel time spent in this place.
 C = Inter-level travel time spent in this place.
 D = Time resting spent in this place.
 E = Time spent auto-exploring this place.
 F = Levels seen in this place.
 G = Mean time per level.
                   A        B        C        D        E       F      G
               +--------+--------+--------+--------+--------+-----+--------+
         Total |   4777 |   4625 |    152 |   1386 |   2365 |   4 | 1194.2 |
       Dungeon |   4777 |   4625 |    152 |   1386 |   2365 |   4 | 1194.2 |
               +--------+--------+--------+--------+--------+-----+--------+

Top non-repeatable levels by time:
     D:3: 2484 daAuts
     D:1: 803 daAuts
     D:4: 750 daAuts
     D:2: 739 daAuts
